 Dungeon Crawl Stone Soup version 0.30-a0-852-g08b95dd62f (webtiles) character file.

Game seed: 18222580421342724705

253 oldriver the Shooter (level 6, -1/78 HPs)
             Began as a Meteoran Hunter on Mar 5, 2023.
             Slain by an unseen horror (5 damage)
             ... on level 5 of the Dungeon.
             The game lasted 00:09:06 (1887 turns).

oldriver the Shooter (Meteoran Hunter)              Turns: 1887, Time: 00:09:07

Health: -1/78      AC:  4    Str: 14    XL:     6   Next: 64%
Magic:  7/7        EV: 13    Int: 10    God:
Gold:   120        SH:  0    Dex: 19    Spells: 5/5 levels left

rFire   . . .      SeeInvis .    n - +5 sling of the Dead {speed, rCorr}
rCold   . . .      Faith    .    (no shield)
rNeg    . . .      Spirit   .    c - +0 leather armour
rPois   .          Reflect  .    d - +0 helmet
rElec   .          Rampage  .    (no cloak)
rCorr   +                        (no gloves)
Will    .....                    (no boots) Stlth
                                 (no amulet)
HPRegen 0.33/turn                f - ring of resist corrosion
MPRegen 0.10/turn                (no ring)

@: mighty, berserking (expiring), attractive, glowing, very quick
A: sense surroundings 1, otherworldly, glowing, explore regen
a: no special abilities


You were on level 5 of the Dungeon.
You visited 1 branch of the dungeon, and saw 5 of its levels.

You collected 120 gold pieces.

Inventory:

Hand Weapons
 a - a +0 shortbow
 n - the +5 sling of the Dead (weapon) {speed, rCorr}
   (You found it on level 3 of the Dungeon)

   rCorr:     It protects you from acid and corrosion.
Armour
 c - a +0 leather armour (worn)
 d - a +0 helmet (worn)
Jewellery
 f - a ring of resist corrosion (left hand)
 j - an amulet of magic regeneration
Wands
 r - a wand of paralysis (12)
Scrolls
 b - a scroll of immolation
 e - 3 scrolls of fear {unknown}
 p - a scroll of blinking {unknown}
Potions
 l - a potion of flight {unknown}
 q - a potion of attraction


   Skills:
 + Level 4.0 Fighting
 * Level 6.7 Ranged Weapons
 + Level 1.3 Armour
 + Level 2.9 Dodging
 - Level 0.6 Stealth


You had 5 spell levels left.
You didn't know any spells.
Your spell library contained the following spells:

 Spells                   Type           Power      Damage    Failure   Level
 Ensorcelled Hibernation  Hex/Ice        0%         N/A       56%         2
 Spider Form              Tmut/Pois      0%         N/A       80%         3
 Stone Arrow              Conj/Erth      0%         3d7       80%         3
 Anguish                  Hex/Necr       0%         N/A       99%         4
 Animate Armour           Summ/Erth      0%         N/A       99%         4
 Lehudib's Crystal Spear  Conj/Erth      0%         10d2      100%        8


Dungeon Overview and Level Annotations

Branches:
Dungeon (5/15) Zot: 1098
 Temple: D:4-7

Altars:
Cheibriados

Shops:
D:4 (


Innate Abilities, Weirdness & Mutations

You passively map a small area around you.
You are easily found by Zot.
You glow in the dark.
You regain HP and MP as you explore.


Message History

Something hits you but does no damage.
It was a potion of curing.
You feel better.
It was a potion of might.
You feel very mighty all of a sudden. Something hits you!
* * * LOW HITPOINT WARNING * * *
You feel better. Something hits you!
* * * LOW HITPOINT WARNING * * *
You feel better.
It was a potion of attraction.
You feel attractive to monsters. Something hits you.
Something is attracted toward you.
It was a potion of berserk rage.
A red film seems to cover your vision as you go berserk!
You feel yourself moving faster!
You feel mighty! Something hits you!
* * * LOW HITPOINT WARNING * * *
You clumsily bash something but do no damage.
Something hits you!
* * * LOW HITPOINT WARNING * * *
Something is attracted toward you.
You closely miss something. Something hits you but does no damage.
Something is attracted toward you.
You are too berserk!
You are too berserk!
You barely miss something. Something hits you.
* * * LOW HITPOINT WARNING * * *
Something is attracted toward you.
You miss something. Something barely misses you.
Something is attracted toward you.
You clumsily bash something.
Something hits you.
* * * LOW HITPOINT WARNING * * *
Something is attracted toward you.
You are too berserk!
You clumsily bash something.
Something hits you but does no damage. Something is attracted toward you.
You closely miss something. Something hits you but does no damage.
Something is attracted toward you.
You clumsily bash something but do no damage.
Something hits you.
You die...

, * , * *, * , *
*, * ** ### * * ,
..# , * **#.# ,#
*,** #.# *.# *
...####.#####.#
........@{§§..# *
....###.###§#...#
* #.......#
#...8..# * ,
........#
###.._.# * *
#.#####.# *.8..#
#.# * ..## ,*
*#.# ### ..# *
### *


There were no monsters in sight!

Vanquished Creatures
  A phantom (D:4)
  Natasha (thrice) (D:3)
  4 adders
  3 worms (D:3)
  3 dart slugs
  5 bats
  5 endoplasms
  A giant cockroach (D:1)
  8 goblins
  5 hobgoblins
  3 jackals (D:4)
  3 kobolds
  A quokka (D:1)
  4 ball pythons
  3 frilled lizards
  10 rats
62 creatures vanquished.

Notes
Turn   | Place    | Note
-------+----------+-------------------------------------------
     0 | D:1      | oldriver the Meteoran Hunter began the quest for the Orb.
     0 | D:1      | Reached XP level 1. HP: 17/17 MP: 2/2
   211 | D:1      | Reached XP level 2. HP: 21/25 MP: 3/3
   355 | D:1      | Reached XP level 3. HP: 30/30 MP: 4/4
   359 | D:2      | Reached skill level 5 in Ranged Weapons
   709 | D:2      | Reached XP level 4. HP: 26/38 MP: 5/5
  1072 | D:3      | Identified the +5 sling of the Dead {speed, rCorr}
  1097 | D:3      | Noticed Natasha
  1103 | D:3      | Killed Natasha
  1123 | D:3      | Reached XP level 5. HP: 45/45 MP: 6/6
  1130 | D:3      | Noticed Natasha
  1137 | D:3      | Killed Natasha
  1138 | D:3      | Reached skill level 6 in Ranged Weapons
  1210 | D:3      | Noticed Natasha
  1216 | D:3      | Killed Natasha
  1391 | D:3      | Paralysed by a hobgoblin for 2 turns
  1589 | D:4      | Found Uddezeom's Antique Weapon Emporium.
  1707 | D:4      | Reached XP level 6. HP: 49/52 MP: 7/7
  1806 | D:5      | Entered Level 5 of the Dungeon
  1850 | D:4      | Reached skill level 1 in Armour
  1861 | D:4      | You fall into a shaft and drop 1 floor!
  1864 | D:5      | Found a snail-covered altar of Cheibriados.
  1884 | D:5      | HP: 3/78 [something (4)]
  1887 | D:5      | Slain by an unseen horror

Illustrated notes

Levels and vault maps discovered:
D:1:      dpeg_arrival_ratfight, layout_basic, st_stairs_13
D:2:      layout_basic
D:3:      layout_loops_ring, serial_co_window_serial, co_window_corner_a,
          co_window_paths_a, co_window_paths_a, co_window_corner_a,
          co_window_corner_a, co_window_paths_c, co_window_corner_b,
          co_window_unsneaky_path_b, co_window_2corner, co_window_corner_ca,
          co_window_unsneaky_path_a, glass_columns_a, glass_columns_c,
          glass_columns_a, patterned_corridor, uniq_natasha
D:4:      layout_gridville, nicolae_elyvilon_temple_path, serial_shops,
          nicolae_shop_advertising_works [nicolae_subvault_shop_adworks],
          wad_floor_pattern_2, hangedman_decor_diamond_cutter,
          kennysheep_generic_room_3, uniq_crazy_yiuf_cottage
D:5:      layout_loops_corners, nicolae_hepliaklqana_hippocampus,
          hangedman_feature_mirror

Skill      XL: |  1  2  3  4  5  6 |
---------------+-------------------+-----
Ranged Weapons | 5 6 |  6.7
Fighting       | 3 4 |  4.0
Armour         | 1 |  1.3
Dodging        | |  2.9
Stealth        | |  0.6

Action                     |  1- 3 |  4- 6 || total
---------------------------+-------+-------++-------
  Melee: Sling             |       |     8 ||     8
   Fire: Shortbow          |    97 |    18 ||   115
         Sling             |       |    77 ||    77
    Use: Potion            |       |     6 ||     6
         Scroll            |       |     4 ||     4
 Armour: Leather armour    |    31 |    18 ||    49
  Dodge: Dodged            |    44 |    17 ||    61

Table legend: (Time is in decaauts)
 A = Elapsed time spent in this place.
 B = Non-inter-level travel time spent in this place.
 C = Inter-level travel time spent in this place.
 D = Time resting spent in this place.
 E = Time spent auto-exploring this place.
 F = Levels seen in this place.
 G = Mean time per level.
                   A        B        C        D        E       F      G
               +--------+--------+--------+--------+--------+-----+--------+
         Total |   1901 |   1681 |    220 |      0 |     30 |   5 |  380.2 |
       Dungeon |   1901 |   1681 |    220 |      0 |     30 |   5 |  380.2 |
               +--------+--------+--------+--------+--------+-----+--------+

Top non-repeatable levels by time:
     D:3: 627 daAuts
     D:1: 593 daAuts
     D:2: 402 daAuts
     D:4: 250 daAuts
     D:5: 27 daAuts
